 Dungeon Crawl Stone Soup version 0.27.0-1-g7a089689b8 (webtiles) character file.

Game seed: 6028469508583915998

7608 SnakkuSnakku7 the Basher (level 10, -1/84 (88) HPs)
             Began as a Demigod Summoner on Aug 2, 2021.
             Slain by a killer bee (7 damage)
             ... on level 8 of the Dungeon.
             The game lasted 00:16:21 (15889 turns).

SnakkuSnakku7 the Basher (Demigod Summoner)        Turns: 15889, Time: 00:16:22

HP:   -1/84 (88)    AC: 10    Str: 13    XL:     10   Next: 66%
MP:   0/17          EV: 11    Int: 25    God:
Gold: 503           SH:  6    Dex: 20    Spells: 7/15 levels left

rFire    . . .     SeeInvis .   q - +4 hand axe (elec)
rCold    . . .     Faith    .   G - +0 buckler
rNeg     . . .     Spirit   +   P - +3 ring mail
rPois    .         Reflect  .   D - +0 helmet
rElec    .         Harm     .   s - +0 cloak
rCorr    .         Rampage  .   (no gloves)
Will     +....                  (no boots)
Stlth    ++........             p - amulet of guardian spirit
HPRegen  0.24/turn              w - +6 ring of dexterity
MPRegen  0.15/turn              (no ring)

@: studying Fighting, lightly drained
A: high mp 1, forlorn
a: no special abilities


You were on level 8 of the Dungeon.
You visited 1 branch of the dungeon, and saw 9 of its levels.

You collected 503 gold pieces.

Inventory:

Hand Weapons
 c - a +0 short sword
 k - a +0 trident
 m - a +2 hand axe of venom
 q - a +4 hand axe of electrocution (weapon)
 J - the +7 great mace "Undeadhunter" {disrupt, rN+}
   (You found it on level 7 of the Dungeon)

   It inflicts significantly more damage against the undead.
   rN:        It protects you from negative energy.
Missiles
 i - 4 silver javelins
 E - 21 poisoned darts
 O - 3 throwing nets
Armour
 a - a +0 robe
 r - a +0 tower shield
 s - a +0 cloak (worn)
 C - a +0 leather armour of cold resistance
 D - a +0 helmet (worn)
 G - a +0 buckler (worn)
 K - +0 steam dragon scales
 P - a +3 ring mail (worn)
Jewellery
 p - an amulet of guardian spirit (around neck)
 w - a +6 ring of dexterity (left hand)
 z - a ring of flight
Wands
 Q - a wand of paralysis (8)
Scrolls
 e - 6 scrolls of identify
 f - a scroll of noise {unknown}
 g - 2 scrolls of enchant armour {unknown}
 h - 2 scrolls of amnesia {unknown}
 j - 3 scrolls of enchant weapon {unknown}
 n - a scroll of holy word {unknown}
 t - a scroll of fear {unknown}
 x - 2 scrolls of fog
 y - 3 scrolls of brand weapon {unknown}
 A - 2 scrolls of teleportation
 H - 2 scrolls of blinking {unknown}
 I - 3 scrolls of acquirement {unknown}
Potions
 b - a potion of invisibility {unknown}
 d - a potion of lignification {unknown}
 l - 2 potions of degeneration {unknown}
 o - a potion of magic
 u - 3 potions of berserk rage {unknown}
 v - 3 potions of brilliance {unknown}
 B - a potion of curing
 F - a potion of cancellation {unknown}
 L - a potion of resistance {unknown}
 M - 2 potions of might {unknown}
 N - a potion of ambrosia {unknown}


   Skills:
 - Level 8.0 Fighting
 + Level 9.2 Maces & Flails
 - Level 1.7 Dodging
 - Level 1.7 Stealth
 - Level 4.0 Shields
 - Level 3.0 Spellcasting
 - Level 8.0 Summonings
 - Level 4.0 Air Magic


You had 7 spell levels left.
You knew the following spells:

 Your Spells              Type           Power      Damage    Failure   Level
a - Summon Lightning Spi  Summ/Air       33%        N/A       19%         4
b - Call Canine Familiar  Summ           43%        N/A       2%          3
c - Summon Small Mammal   Summ           100%       N/A       1%          1

Your spell library contained the following spells:

 Spells                   Type           Power      Damage    Failure   Level
 Call Imp                 Summ           43%        N/A       1%          2
 Summon Guardian Golem    Hex/Summ       23%        N/A       13%         3
 Animate Armour           Summ/Erth      46%        N/A       38%         4
 Stone Arrow              Conj/Erth      6%         3d7       54%         3
 Animate Dead             Necr           1%         N/A       91%         4
 Borgnjor's Vile Clutch   Necr/Erth      1%         N/A       99%         5
 Death Channel            Necr           1%         N/A       100%        6
 Lehudib's Crystal Spear  Conj/Erth      1%         10d2      100%        8


Dungeon Overview and Level Annotations

Branches:
Dungeon (9/15)             Temple (0/1) D:6
   Lair: D:8-11         Orc: D:9-12

Annotations:
D:7 3 runed translucent doors, freelancePsychic's ghost, novice DsIE


Innate Abilities, Weirdness & Mutations

Your attributes grow dramatically as you level up.
You have an increased reservoir of magic. (+10% MP)
You shall have no god before yourself.


Message History

The queen bee is almost dead.
You hit the killer bee but do no damage.
Lightning courses through the killer bee!
The killer bee closely misses you. The killer bee stings you.
You are poisoned.
The killer bee poisons you! The killer bee barely misses you.
The queen bee stings you!
You are more poisoned.
The queen bee poisons you!
You hit the queen bee.
You kill the queen bee!
You closely miss the killer bee.
You feel extremely sick. The killer bee barely misses you.
You block the killer bee's attack. The killer bee stings you!
You miss the killer bee.
The killer bee is heavily wounded.
You feel very sick. You block the killer bee's attack.
The killer bee stings you! The killer bee stings you.
Unknown command.
You are too injured to fight recklessly!
Casting: Summon Lightning Spire (dangerous; 19% risk of failure)
Confirm with . or Enter, or press ? or * to list all spells.
You feel very sick. You block the killer bee's attack.
The killer bee stings you!
* * * LOW HITPOINT WARNING * * *
You are more poisoned.
The killer bee poisons you! The killer bee stings you!
* * * LOW HITPOINT WARNING * * *
Okay, then.
You feel better. The killer bee stings you.
* * * LOW HITPOINT WARNING * * *
The killer bee stings you.
* * * LOW HITPOINT WARNING * * *
The killer bee stings you!
* * * LOW HITPOINT WARNING * * *
Unknown command.
You swap places.
The killer bee stings you!
You die...

#....# #..(.# ##....## #########
## ####......# #.......# #.
.........># ##.......#### #.
##........######...........#####.
.........)....................<..
#.........####..........#####..#.
#.#.........###.@y...............
..#####'###.####.h..[...#########
.....##.##.......†##>[### ##
....##...##....#.###.[# #####.
...##...).##......##..# #.....
..##.......##.........######.#...
.##....#....##...###...#.........
##⌠...###...⌠##..###...#..##.....
)##....#....##....##......###....


You could see a killer bee (berserk, ally target) and a friendly wolf
(summoned).

Vanquished Creatures
  Pikel (D:4)
  Joseph (D:8)
  A queen bee (D:8)
  A wyvern (D:8)
  10 yaks
  A wraith (D:8)
  Grum (D:8)
  6 water moccasins
  4 necrophages
  2 black bears
  2 ogres
  3 wolves
  A centaur (D:7)
  A bullfrog (D:6)
  A gnoll sergeant (D:7)
  2 water moccasin zombies
  A scorpion (D:5)
  A water moccasin skeleton (D:5)
  7 killer bees
  5 wights
  A bullfrog zombie (D:5)
  A centaur zombie (D:8)
  5 hounds
  5 orc priests
  Crazy Yiuf (D:3)
  6 iguanas
  A scorpion zombie (D:5)
  5 orc wizards
  Terence (D:3)
  A howler monkey zombie (D:6)
  4 gnolls
  A howler monkey skeleton (D:6)
  8 adders
  A white imp (D:4)
  An ufetubus (D:4)
  2 worms
  A dart slug (D:3)
  40 orcs
  2 ball pythons
  7 bats
  9 endoplasms
  3 giant cockroaches
  6 goblins
  3 hobgoblins
  3 quokkas
  A frilled lizard (D:3)
  7 kobolds
  3 rats
181 creatures vanquished.

Vanquished Creatures (collateral kills)
  Harold (D:8)
  A cyclops (D:7)
  A hornet (D:8)
  A vampire (D:8)
  Sigmund (D:4)
  Eustachio (D:5)
  A steam dragon (D:8)
  An ice beast (D:6)
  An ogre (D:4)
  A lemure (D:5)
  A bullfrog (D:8)
  2 wights (D:7)
  An orc priest (D:8)
  An orc wizard (D:5)
  A gnoll (D:8)
  A white imp (D:6)
  3 orcs
  A goblin (D:2)
  A bat (D:1)
  2 kobolds (D:1)
24 creatures vanquished.

Vanquished Creatures (others)
  A fungus (D:9)
  3 plants (D:9)
4 creatures vanquished.

Grand Total: 209 creatures vanquished

Notes
Turn   | Place    | Note
-------+----------+-------------------------------------------
     0 | D:1      | SnakkuSnakku7 the Demigod Summoner began the quest for the
                  | Orb.
     0 | D:1      | Reached XP level 1. HP: 14/14 MP: 5/5
   619 | D:1      | Reached XP level 2. HP: 16/20 MP: 7/7
  1110 | D:1      | HP: 1/20 [bat (1)]
  2669 | D:2      | Reached XP level 3. HP: 26/26 MP: 8/8
  2677 | D:2      | Learned a level 3 spell: Call Canine Familiar
  3597 | D:3      | Noticed Terence
  3628 | D:3      | Killed Terence
  3629 | D:3      | Reached skill level 5 in Summonings
  4032 | D:3      | Reached XP level 4. HP: 28/33 MP: 7/9
  4298 | D:3      | Found a runed translucent door.
  4299 | D:3      | Noticed Crazy Yiuf
  4319 | D:3      | Killed Crazy Yiuf
  4654 | D:4      | Noticed Sigmund
  4665 | D:4      | Killed Sigmund
  4666 | D:4      | Reached XP level 5. HP: 21/38 MP: 4/10
  5017 | D:4      | Noticed an ogre
  5026 | D:4      | Killed an ogre
  5275 | D:4      | Reached XP level 6. HP: 45/45 MP: 11/13
  5280 | D:4      | Learned a level 4 spell: Summon Lightning Spire
  5766 | D:5      | Entered Level 5 of the Dungeon
  6307 | D:5      | Noticed a water moccasin
  6325 | D:5      | Killed a water moccasin
  6326 | D:5      | Reached XP level 7. HP: 30/50 MP: 7/14
  7143 | D:5      | Noticed Pikel
  7490 | D:5      | Reached skill level 1 in Fighting
  8131 | D:4      | Killed Pikel
  8132 | D:4      | Reached XP level 8. HP: 30/66 MP: 6/15
  8372 | D:5      | HP: 2/66 [orc priest/divine providence (12)]
  8721 | D:5      | Noticed Eustachio
  8747 | D:5      | Killed Eustachio
  8748 | D:5      | Reached skill level 5 in Fighting
  9391 | D:6      | Found a staircase to the Ecumenical Temple.
  9824 | D:6      | Reached XP level 9. HP: 72/79 MP: 13/16
 10470 | D:7      | Reached skill level 1 in Shields
 10624 | D:7      | Found a runed translucent gate.
 10626 | D:7      | Found a runed translucent gate.
 10626 | D:7      | Noticed freelancePsychic's ghost (novice DsIE)
 10627 | D:7      | Found a runed translucent gate.
 11000 | D:7      | Found the +7 great mace "Undeadhunter" {disrupt, rN+}
 11231 | D:7      | Noticed a cyclops
 11242 | D:7      | Killed a cyclops
 11243 | D:7      | Reached skill level 1 in Maces & Flails
 11558 | D:7      | Reached skill level 2 in Maces & Flails
 11650 | D:8      | Paralysed by a hornet for 2 turns
 11651 | D:8      | Reached skill level 3 in Maces & Flails
 11802 | D:8      | Reached skill level 4 in Maces & Flails
 12138 | D:7      | Reached skill level 5 in Maces & Flails
 12218 | D:8      | Reached XP level 10. HP: 54/88 MP: 8/17
 13350 | D:8      | Noticed Grum
 13378 | D:8      | Reached skill level 6 in Maces & Flails
 13825 | D:8      | Killed Grum
 14072 | D:8      | Noticed Harold
 14123 | D:8      | Killed Harold
 14124 | D:8      | Reached skill level 7 in Maces & Flails
 14223 | D:8      | Noticed Joseph
 14233 | D:8      | Killed Joseph
 14234 | D:8      | Reached skill level 8 in Maces & Flails
 14674 | D:9      | Noticed a two-headed ogre
 15298 | D:8      | Reached skill level 9 in Maces & Flails
 15889 | D:8      | Slain by a killer bee

Illustrated notes

Levels and vault maps discovered:
D:1:      elethiomel_arrival_maze, layout_basic,
          shapermc_ecumenical_altar_notcrosses, minivault_25
D:2:      layout_loops_corners, minmay_misc_feat_iff
D:3:      layout_basic, uniq_terence, uniq_crazy_yiuf_cottage
D:4:      layout_basic, uniq_sigmund
D:5:      minmay_spotlight, layout_basic, uniq_pikel, uniq_eustachio
D:6:      layout_loops_ring, minmay_temple_entry_stoned_glass
D:7:      layout_loops_cross, old_standard_altar, gammafunk_ghost_split
D:8:      layout_rooms, minivault_19, minmay_statues_item, nzn_life_drinkers,
          uniq_grum, uniq_harold, uniq_joseph
D:9:      layout_cave_pods, minmay_lair_entry_grove, special_room
          [special_room_bee], serial_bayou_pond_e

Skill      XL: |  1  2  3  4  5  6  7  8  9 10 |
---------------+-------------------------------+-----
Summonings     | 4 5 6 8 |  8.0
Spellcasting   | 2 3 |  3.0
Air Magic      | 3 4 |  4.0
Fighting       | 4 7 8 |  8.0
Shields        | 4 |  4.0
Maces & Flails | 5 9 |  9.2
Dodging        | |  1.7
Stealth        | |  1.7

Action                   |  1- 3 |  4- 6 |  7- 9 | 10-12 || total
-------------------------+-------+-------+-------+-------++-------
Melee: Short sword       |    74 |       |       |       ||    74
       Unarmed           |     3 |       |       |       ||     3
       Trident           |    39 |       |       |       ||    39
       Hand axe          |    32 |    98 |   281 |   178 ||   589
 Cast: Summon Small Mamm |    14 |       |     1 |       ||    15
       Call Canine Famil |     2 |     8 |    16 |     8 ||    34
       Summon Lightning  |       |       |     4 |     5 ||     9
  Use: Potion            |       |       |     3 |     1 ||     4
       Scroll            |       |       |       |     3 ||     3
 Stab: Sleeping          |     6 |     1 |     3 |       ||    10
       Distracted        |       |     1 |     2 |     1 ||     4
Armor: Robe              |    36 |    27 |    27 |       ||    90
       Leather armour    |       |       |    50 |       ||    50
       Ring mail         |       |       |       |    50 ||    50
       Steam dragon scal |       |       |       |    22 ||    22
Dodge: Dodged            |   111 |    58 |   228 |   150 ||   547
Block: Buckler           |       |       |    34 |    78 ||   112
